 Dungeon Crawl Stone Soup version 0.28.0-47-ge53b351184 (webtiles) character file.

Game seed: 5561399496794788498

95 GigaChad the Skirmisher (level 4, -3/37 HPs)
             Began as a Palentonga Fighter on Apr 27, 2022.
             Slain by a gnoll
             ... wielding a +0 halberd
              (6 damage)
             ... on level 2 of the Dungeon.
             The game lasted 00:05:25 (1063 turns).

GigaChad the Skirmisher (Palentonga Fighter)        Turns: 1063, Time: 00:05:26

Health: -3/37      AC:  6    Str: 19    XL:     4   Next: 39%
Magic:  5/5        EV:  7    Int:  9    God:
Gold:   79         SH:  4    Dex: 11    Spells: 5/5 levels left

rFire   . . .      SeeInvis +   a - +0 long sword
rCold   . . .      Faith    .   c - +0 buckler
rNeg    . . .      Spirit   .   b - +0 scale mail
rPois   .          Reflect  .   (no helmet)
rElec   .          Harm     .   (no cloak)
rCorr   .          Rampage  .   (no gloves)
Will    +....                   (no barding)
Stlth   ..........              (no amulet)
HPRegen 0.12/turn               h - ring of willpower
MPRegen 0.09/turn               (no ring)

@: no status effects
A: large, rugged brown scales 3, see invisible, deformed body, roll 1, armoured
tail
a: Rolling Charge


You were on level 2 of the Dungeon.
You visited 1 branch of the dungeon, and saw 2 of its levels.

You collected 79 gold pieces.

Inventory:

Hand Weapons
 a - a +0 long sword (weapon)
Armour
 b - a +0 scale mail (worn)
 c - a +0 buckler (worn)
Jewellery
 h - a ring of willpower (left hand)
Scrolls
 e - a scroll of identify
Potions
 d - a potion of might
 f - a potion of attraction {unknown}
 g - 2 potions of curing {unknown}


   Skills:
 + Level 3.5 Fighting
 + Level 1.1(2.3) Short Blades
 + Level 3.1(3.2) Long Blades
 + Level 1.1(1.6) Axes
 + Level 1.1(1.6) Maces & Flails
 + Level 1.0(1.4) Polearms
 + Level 1.1(1.6) Staves
 + Level 0.7(1.0) Slings
 + Level 1.6 Bows
 + Level 1.7 Crossbows
 + Level 0.7(1.0) Throwing
 + Level 3.2 Armour
 + Level 1.1 Dodging
 + Level 0.7 Stealth
 + Level 2.8 Shields
 + Level 1.1 Unarmed Combat
 + Level 1.0 Spellcasting
 + Level 1.4 Conjurations
 + Level 1.5 Hexes
 + Level 0.9 Summonings
 + Level 1.1 Necromancy
 + Level 1.1 Translocations
 + Level 1.1 Transmutations
 + Level 0.9 Fire Magic
 + Level 0.9 Ice Magic
 + Level 0.9 Air Magic
 + Level 1.0 Earth Magic
 + Level 0.9 Poison Magic
 + Level 1.2 Invocations
 + Level 1.0 Evocations


You had 5 spell levels left.
You didn't know any spells.
Your spell library contained the following spells:

 Spells                   Type           Power      Damage    Failure   Level
 Magic Dart               Conj           12%        1d3       58%         1
 Blink                    Tloc           4%         N/A       78%         2
 Call Imp                 Summ           2%         N/A       80%         2
 Lesser Beckoning         Tloc           2%         N/A       95%         3
 Mephitic Cloud           Conj/Pois/Air  2%         N/A       95%         3
 Manifold Assault         Tloc           2%         N/A       100%        5


Dungeon Overview and Level Annotations

Branches:
Dungeon (2/15)

Altars:

Annotations:
D:2 Jessica


Innate Abilities, Weirdness & Mutations

You are completely covered in rugged brown scales. (AC +3, +7% HP)
You have supernaturally acute eyesight. (SInv)
Armour fits poorly on your strangely shaped body.
You can roll at nearby foes to attack.
You have a long armoured tail.


Message History

Jessica casts a spell.
Jessica blinks!
You block the gnoll's attack.
Things that are here:
a +0 club; a goblin skeleton You slash the gnoll!
You tail-slap the gnoll.
You kill the gnoll!
Jessica casts a spell.
Jessica blinks!
You block the gnoll's attack.
You closely miss the gnoll. The gnoll hits you with a +0 flail.
The gnoll barely misses you.
You hit the gnoll. You tail-slap the gnoll!
The gnoll is almost dead.
The gnoll hits you with a +0 flail! You block the gnoll's attack.
The gnoll hits you with a +0 flail. The gnoll hits you but does no damage.
You closely miss the gnoll.
The gnoll is almost dead.
The gnoll closely misses you. The gnoll completely misses you.
You barely miss the gnoll. You tail-slap the gnoll.
You kill the gnoll!
The gnoll barely misses you. You block the gnoll's attack.
Jessica very coldly says, "I hate your company."
Items here: ))) ÷ †.
You barely miss Jessica. You block the gnoll's attack.
Jessica hits you with a +0 club. The gnoll hits you with a +0 halberd.
You hit Jessica.
Jessica is severely wounded.
Jessica casts a spell at you. Pain shoots through your body!
* * * LOW HITPOINT WARNING * * *
The gnoll hits you with a +0 halberd.
* * * LOW HITPOINT WARNING * * *
The gnoll hits you but does no damage.
You barely miss Jessica.
Jessica is heavily wounded.
Jessica hits you with a +0 club.
* * * LOW HITPOINT WARNING * * *
The gnoll hits you from afar with a +0 halberd.
You die...

##############.####....##..##.##.
.........#####.###...####..#. ...
###.##......##.......####........
#.........######........######.
#..#...#..# #...###### #.
#..#...#..# #...# #. #..#.#.#<)#
#...#####... ..
#..#.#.#..######g........#
#.............@@..........#
....####..........<..........
..### #.##.................# .
....########...#####.##.. ###..#
#..... .... ###..# #...### # .. #
#....# #.>...# . #.#.##.#
#.....#### #. #.#.##.#
####........# ####.


You could see a gnoll and Jessica.

Vanquished Creatures
  2 gnolls (D:2)
  2 adders (D:2)
  2 ball pythons
  3 bats
  6 giant cockroaches
  5 goblins
  2 hobgoblins
  3 jackals (D:1)
  A quokka (D:1)
  3 frilled lizards
  2 kobolds (D:1)
  2 rats
33 creatures vanquished.

Notes
Turn   | Place    | Note
-------+----------+-------------------------------------------
     0 | D:1      | GigaChad the Palentonga Fighter began the quest for the
                  | Orb.
     0 | D:1      | Reached XP level 1. HP: 19/19 MP: 1/1
   220 | D:1      | Reached XP level 2. HP: 19/25 MP: 2/2
   495 | D:1      | Reached skill level 1 in Short Blades
   495 | D:1      | Reached skill level 1 in Axes
   495 | D:1      | Reached skill level 1 in Maces & Flails
   495 | D:1      | Reached skill level 1 in Polearms
   495 | D:1      | Reached skill level 1 in Staves
   495 | D:1      | Reached skill level 1 in Bows
   495 | D:1      | Reached skill level 1 in Crossbows
   495 | D:1      | Reached skill level 1 in Unarmed Combat
   495 | D:1      | Reached skill level 1 in Spellcasting
   495 | D:1      | Reached skill level 1 in Conjurations
   495 | D:1      | Reached skill level 1 in Hexes
   495 | D:1      | Reached skill level 1 in Necromancy
   495 | D:1      | Reached skill level 1 in Translocations
   495 | D:1      | Reached skill level 1 in Transmutations
   495 | D:1      | Reached skill level 1 in Earth Magic
   495 | D:1      | Reached skill level 1 in Invocations
   495 | D:1      | Reached skill level 1 in Evocations
   496 | D:1      | Reached XP level 3. HP: 31/31 MP: 2/4
   815 | D:2      | Reached XP level 4. HP: 17/37 MP: 5/5
  1007 | D:2      | Reached skill level 1 in Dodging
  1045 | D:2      | Noticed Jessica
  1063 | D:2      | Slain by a gnoll

Illustrated notes

Levels and vault maps discovered:
D:1:      lemuel_arrival_tunnels, layout_rooms
D:2:      layout_loops_cross, uniq_jessica

Skill      XL: |  1  2  3  4 |
---------------+-------------+-----
Short Blades   | 1 |  1.1
Axes           | 1 |  1.1
Maces & Flails | 1 |  1.1
Polearms       | 1 |  1.0
Staves         | 1 |  1.1
Bows           | 1 |  1.6
Crossbows      | 1 |  1.7
Armour         | 3 |  3.2
Unarmed Combat | 1 |  1.1
Spellcasting   | 1 |  1.0
Conjurations   | 1 |  1.4
Hexes          | 1 |  1.5
Necromancy     | 1 |  1.1
Translocations | 1 |  1.1
Transmutations | 1 |  1.1
Earth Magic    | 1 |  1.0
Invocations    | 1 |  1.2
Evocations     | 1 |  1.0
Long Blades    | 3 |  3.1
Dodging        | 1 |  1.1
Fighting       | |  3.5
Slings         | |  0.7
Throwing       | |  0.7
Stealth        | |  0.7
Shields        | |  2.8
Summonings     | |  0.9
Fire Magic     | |  0.9
Ice Magic      | |  0.9
Air Magic      | |  0.9
Poison Magic   | |  0.9

Action                   |  1- 3 |  4- 6 || total
-------------------------+-------+-------++-------
Melee: Long sword        |    66 |    30 ||    96
       Tailslap          |     6 |     4 ||    10
  Use: Scroll            |     1 |     1 ||     2
       Potion            |     1 |       ||     1
Armor: Scale mail        |    43 |    20 ||    63
Dodge: Dodged            |    34 |    21 ||    55
Block: Buckler           |    20 |    10 ||    30
